 Dungeon Crawl Stone Soup version 0.29-a0-495-g17b79114eb (webtiles) character file.

Game seed: 7010283739228573245

3816 Hubjo the Arsonist (level 9, -5/45 (48) HPs)
             Began as a Deep Elf Fire Elementalist on May 27, 2022.
             Was a Priest of Hepliaklqana.
             Slain by a wight
             ... wielding a +0 halberd
              (13 damage)
             ... on level 7 of the Dungeon.
             The game lasted 00:16:18 (10937 turns).

Hubjo the Arsonist (Deep Elf Fire Elementalist)    Turns: 10937, Time: 00:16:18

HP:   -5/45 (48)    AC:  5    Str:  5    XL:     9   Next: 97%
MP:   23/23         EV: 12    Int: 25    God:    Hepliaklqana [***...]
Gold: 312           SH:  0    Dex: 15    Spells: 20/25 levels left

rFire   . . .      SeeInvis .   i - +4 mace (freeze)
rCold   . . .      Faith    .   (no shield)
rNeg    . . .      Spirit   .   a - +0 robe
rPois   .          Reflect  .   s - +0 helmet
rElec   .          Harm     .   r - scarf {repulsion}
rCorr   .          Rampage  .   (no gloves)
Will    .....                   (no boots)
Stlth   ++++......              (no amulet)
HPRegen 0.15/turn               (no ring)
MPRegen 0.18/turn               (no ring)

@: drained, repel missiles
A: reduced essence, iridescent scales 1, mutation resistance 1
a: Renounce Religion, Recall Ancestor, Ancestor Identity, Transference


You were on level 7 of the Dungeon.
You worshipped Hepliaklqana.
Hepliaklqana was most pleased with you.
You visited 1 branch of the dungeon, and saw 7 of its levels.
You also visited: Sewer.

You collected 312 gold pieces.

Inventory:

Hand Weapons
 i - a +4 mace of freezing (weapon)
 m - a +0 mace of holy wrath
 q - a +2 dagger of electrocution
Armour
 a - a +0 robe (worn)
 r - a scarf of repulsion (worn)
 s - a +0 helmet (worn)
Wands
 w - a wand of polymorph (12)
 y - a wand of flame (5)
 z - a wand of paralysis (6)
Scrolls
 d - 2 scrolls of amnesia
 f - 2 scrolls of fog
 g - a scroll of magic mapping
 j - 2 scrolls of teleportation
 o - 4 scrolls of enchant armour
 u - a scroll of immolation
 A - a scroll of noise
 B - a scroll of poison
Potions
 b - a potion of magic
 c - 2 potions of brilliance {unknown}
 e - a potion of flight {unknown}
 h - 2 potions of heal wounds {unknown}
 k - 2 potions of attraction {unknown}
 l - 2 potions of resistance {unknown}
 p - a potion of lignification {unknown}
 t - a potion of degeneration {unknown}
 v - 2 potions of curing {unknown}
 x - 5 potions of haste {unknown}


   Skills:
 + Level 5.5 Fighting
 - Level 2.4 Dodging
 + Level 8.7 Stealth
 + Level 8.9 Spellcasting
 - Level 1.1 Conjurations
 * Level 10.2 Fire Magic


You had 20 spell levels left.
You knew the following spells:

 Your Spells              Type           Power      Damage    Failure   Level
a - Foxfire               Conj/Fire      100%       2x1d9     1%          1
b - Flame Wave            Conj/Fire      39%        2d9       5%          4

Your spell library contained the following spells:

 Spells                   Type           Power      Damage    Failure   Level
 Scorch                   Fire           100%       2d10      1%          2
 Conjure Flame            Conj/Fire      39%        6-21      1%          3
 Inner Flame              Hex/Fire       36%        N/A       1%          3
 Shock                    Conj/Air       52%        1d6       4%          1
 Swiftness                Air            11%        N/A       17%         3
 Airstrike                Air            5%         N/A       50%         4


Dungeon Overview and Level Annotations

Branches:
Dungeon (7/15)             Temple (0/1) D:6           Sewer (visited)

Altars:
Dithmenos
Fedhas
Hepliaklqana
Makhleb
Okawaru
Wu Jian

Shops:
D:2 (   D:3 [   D:5 [:?:

Annotations:
D:5 1 runed translucent door
D:6 1 runed translucent door, TorpidAnima's ghost, novice MiFi


Innate Abilities, Weirdness & Mutations

Your life essence is reduced to manifest your ancestor. (-10% HP)
You are partially covered in iridescent scales. (AC +2)
You are somewhat resistant to further mutation.


Message History

There are monsters nearby!
There are monsters nearby!
There are monsters nearby!
There are monsters nearby!
There is a stone staircase leading up here.
You start resting.
A wight is nearby!
A wight is nearby!
A wight is nearby!
The wight hits you but does no damage.
You climb upwards.
Level annotation: 1 runed translucent door, TorpidAnima's ghost, novice MiFi
There is a stone staircase leading down here.
Magic restored.
Key pressed, stopping explore.
There is a stone staircase leading down here.
Things that are here:
a +0 ring mail; a +0 hand axe
There is a stone staircase leading up here.
There is a stone staircase leading down here.
You swap places.
There is a stone staircase leading down here.
There is a stone staircase leading down here.
You swap places.
There is a stone staircase leading down here.
You climb downwards.
The wight hits you with a +0 halberd!
You feel drained.
There is a stone staircase leading up here.
You swap places.
Hubquo hits the wight but does no damage.
The wight hits you with a +0 halberd.
You feel drained.
You hit the wight.
The wight is lightly damaged.
Hubquo hits the wight but does no damage.
The wight hits you with a +0 halberd!
* * * LOW HITPOINT WARNING * * *
Hubquo hits the wight but does no damage.
You hit the wight.
The wight is heavily damaged.
The wight hits you with a +0 halberd!
You die... z

.z.###############
...).....zzR.....#
..))....z#######.#
###......# #@#.#
#......# #Rz.#
#......# #####
####.### #. #. ..


You could see the friendly Hubquo the knight and a wight (ally target).

Vanquished Creatures
  Grinder (D:5)
  Pargi (Sewer)
  2 sky beasts (D:6)
  A black bear (D:5)
  An ogre (D:3)
  A kobold brigand (D:5)
  A bullfrog (D:5)
  3 necrophages
  4 wights
  3 killer bees (D:7)
  2 hounds (D:6)
  An iguana (D:5)
  5 gnolls
  5 adders
  A white imp (D:6)
  An ufetubus (D:6)
  A worm (D:2)
  A dart slug (D:1)
  6 orcs
  6 ball pythons
  4 bats
  7 endoplasms
  5 giant cockroaches
  8 goblins
  6 hobgoblins
  4 jackals
  16 kobolds
  10 frilled lizards
  5 rats
112 creatures vanquished.

Vanquished Creatures (collateral kills)
  A two-headed ogre (D:5)
  The ghost of turdburglar the Poker, a novice OgGl of Vehumet (D:5)
  Maggie (D:6)
  A black bear (D:6)
  An ogre (D:6)
  2 phantoms (D:5)
  3 necrophages
  6 wights
  A killer bee (D:7)
  A hound (D:6)
  2 jellies
  An iguana (D:4)
  A gnoll (D:4)
  2 adders
  3 worms
  An orc (D:3)
  A ball python (D:5)
  A bat (D:3)
  A giant cockroach (Sewer)
  4 jackals
  2 quokkas
  A kobold (Sewer)
  A rat (D:2)
  9 foxfires
48 creatures vanquished.

Vanquished Creatures (others)
  961 foxfires
  A fungus (D:3)
  5 plants (D:4)
  2 withered plants (D:7)
969 creatures vanquished.

Grand Total: 1129 creatures vanquished

Notes
Turn   | Place    | Note
-------+----------+-------------------------------------------
     0 | D:1      | Hubjo the Deep Elf Fire Elementalist began the quest for
                  | the Orb.
     0 | D:1      | Reached XP level 1. HP: 10/10 MP: 6/6
   539 | D:1      | Reached XP level 2. HP: 16/16 MP: 4/8
   786 | D:1      | Reached skill level 1 in Fighting
  1042 | D:1      | Found a faded altar of an unknown god.
  1123 | D:1      | You fall into a shaft and drop 1 floor!
  1124 | D:2      | Found Jolunt's Antique Weapon Boutique.
  1272 | D:2      | Reached XP level 3. HP: 20/20 MP: 5/9
  1537 | D:1      | Prayed at the altar of an unknown god.
  1537 | D:1      | Became a worshipper of Hepliaklqana the Forgotten
  1537 | D:1      | Reached * piety under Hepliaklqana
  2397 | D:2      | Reached XP level 4. HP: 12/23 MP: 5/11
  3261 | D:3      | Noticed an ogre
  3268 | D:3      | Killed an ogre
  3269 | D:3      | Reached skill level 4 in Fire Magic
  3269 | D:3      | Reached XP level 5. HP: 27/27 MP: 4/13
  3340 | D:3      | Learned a level 4 spell: Flame Wave
  3354 | D:3      | Reached ** piety under Hepliaklqana
  3355 | D:3      | Remembered your ancestor Hubquo as a knight
  3587 | D:3      | Found a blossoming altar of Fedhas.
  4205 | D:3      | Found Ebaerph's Armour Boutique.
  4279 | D:3      | Found a burning altar of Makhleb.
  4812 | D:4      | Reached XP level 6. HP: 32/32 MP: 9/14
  4822 | D:4      | Reached skill level 5 in Fire Magic
  4842 | D:4      | Reached skill level 5 in Spellcasting
  4846 | D:4      | Reached XP level 7. HP: 2/36 MP: 4/16
  5399 | D:4      | Reached skill level 5 in Stealth
  5625 | D:4      | Reached skill level 6 in Fire Magic
  6077 | D:5      | Entered Level 5 of the Dungeon
  6077 | D:5      | Found Tyapp's Book Shoppe.
  6290 | D:5      | Noticed a two-headed ogre
  6299 | D:5      | Killed a two-headed ogre
  6300 | D:5      | Reached skill level 7 in Fire Magic
  6300 | D:5      | Reached XP level 8. HP: 6/43 MP: 10/20
  6715 | D:5      | Found Loaj's Magic Scroll Shop.
  6743 | D:5      | Reached *** piety under Hepliaklqana
  6814 | D:5      | Found Eqiti's Book Boutique.
  6926 | D:5      | Noticed Grinder
  6926 | D:5      | Paralysed by Grinder for 4 turns
  6941 | D:5      | Killed Grinder
  6942 | D:5      | Reached skill level 8 in Fire Magic
  7020 | D:5      | Found a runed translucent door.
  7021 | D:5      | Noticed turdburglar's ghost (novice OgGl)
  7189 | D:5      | Found Farchoom's Armour Shoppe.
  7273 | D:5      | Found a runed translucent door.
  7300 | D:5      | Reached XP level 9. HP: 42/46 MP: 16/22
  7690 | D:5      | Killed turdburglar's ghost
  7906 | D:5      | Gained mutation: You are partially covered in iridescent
                  | scales. (AC +2) [potion of mutation]
  7906 | D:5      | Gained mutation: You are somewhat resistant to further
                  | mutation. [potion of mutation]
  7915 | D:6      | Reached skill level 9 in Fire Magic
  8016 | D:6      | Found a glowing drain.
  8021 | Sewer    | Entered a sewer
  8236 | Sewer    | Noticed Pargi
  8244 | Sewer    | Killed Pargi
  8408 | D:6      | Noticed Maggie
  8418 | D:6      | Killed Maggie
  8419 | D:6      | Reached skill level 5 in Fighting
  8701 | D:6      | Found a runed translucent door.
  8701 | D:6      | Noticed TorpidAnima's ghost (novice MiFi)
  8701 | D:6      | Noticed a boulder beetle
  8746 | D:6      | Found a shadowy altar of Dithmenos.
  8822 | D:6      | Found an ornate altar of the Wu Jian Council.
  9116 | D:6      | Found an iron altar of Okawaru.
  9279 | D:6      | Found a staircase to the Ecumenical Temple.
 10431 | D:7      | Reached skill level 10 in Fire Magic
 10937 | D:7      | Slain by a wight

Illustrated notes

Levels and vault maps discovered:
D:1:      roderic_chinese_lattice_arrival, layout_basic,
          chequers_ecumenical_altar_island
D:2:      layout_basic, serial_shops, nicolae_square_shop,
          kennysheep_generic_room_8
D:3:      layout_rooms, fedhas_altar_3, mainiacjoe_overflow_small_starburst,
          serial_shops, nicolae_shop_statue_plus, minmay_door_square,
          kennysheep_generic_room_12
D:4:      layout_loops_cross, minmay_lizard_king
D:5:      layout_loops_ring, serial_shops, nicolae_stop_n_shop_1,
          nicolae_shop_statue_plus, nicolae_shop_temple_entry_statues_fountains,
          nicolae_shop_advertising_works [nicolae_subvault_shop_adworks],
          ebering_ghost_sewer_f, uniq_grinder
D:6:      layout_layer_cave, okawaru_gym_becter, grunt_temple_overflow_open,
          minmay_temple_entry_arrows, gup_sewer_entry_bowl,
          ebering_ghost_inner_flame, patterned_corridor, uniq_maggie
D:7:      layout_basic, kiku_gazebo_garden_becter, ebering_ghost_rock_garden,
          serial_aquarium, aquarium_bridge_square [aquarium_subvault_bridge,
          aquarium_subvault_wall, aquarium_subvault_window,
          aquarium_subvault_bridge], aquarium_window_1,
          aquarium_window_corridor_1, aquarium_view_2b, aquarium_view_2a,
          aquarium_balcony_3b, aquarium_pool_corner

Skill      XL: |  1  2  3  4  5  6  7  8  9 |
---------------+----------------------------+-----
Fighting       | 1 2 3 4 5 |  5.5
Stealth        | 3 4 6 7 8 |  8.7
Spellcasting   | 4 5 6 7 8 |  8.9
Fire Magic     | 4 5 7 8 10 | 10.2
Dodging        | |  2.4
Conjurations   | |  1.1

Action                   |  1- 3 |  4- 6 |  7- 9 || total
-------------------------+-------+-------+-------++-------
Melee: Unarmed           |     4 |       |       ||     4
       Mace              |       |     1 |    10 ||    11
 Cast: Foxfire           |   147 |   159 |   292 ||   598
       Flame Wave        |       |       |     1 ||     1
Invok: Ancestor Life: Kn |       |     1 |       ||     1
       Ancestor Identity |       |     1 |       ||     1
  Use: Scroll            |       |     4 |    10 ||    14
       Potion            |       |     1 |     1 ||     2
 Stab: Sleeping          |     1 |       |       ||     1
Armor: Robe              |     5 |     7 |    10 ||    22
Dodge: Dodged            |    13 |    22 |    33 ||    68

Table legend: (Time is in decaauts)
 A = Elapsed time spent in this place.
 B = Non-inter-level travel time spent in this place.
 C = Inter-level travel time spent in this place.
 D = Time resting spent in this place.
 E = Time spent auto-exploring this place.
 F = Levels seen in this place.
 G = Mean time per level.
                   A        B        C        D        E       F      G
               +--------+--------+--------+--------+--------+-----+--------+
         Total |  10962 |   9692 |   1270 |    519 |   7774 |   8 | 1370.2 |
       Dungeon |  10593 |   9323 |   1270 |    519 |   7467 |   7 | 1513.3 |
         Sewer |    368 |    368 |      0 |      0 |    307 |   1 |  368.0 |
               +--------+--------+--------+--------+--------+-----+--------+

Top non-repeatable levels by time:
     D:6: 2558 daAuts
     D:5: 1840 daAuts
     D:1: 1635 daAuts
     D:2: 1630 daAuts
     D:4: 1565 daAuts
     D:3: 1250 daAuts
   Sewer: 368 daAuts
     D:7: 111 daAuts
